 Dungeon Crawl Stone Soup version 0.19.0-19-g8c6edcc (webtiles) character file.

77 cedor the Slasher (level 4, 0/35 HPs)
             Began as a Demonspawn Monk on Nov 14, 2016.
             Was a Believer of Kikubaaqudgha.
             Slain by an adder (1 damage)
             ... on level 3 of the Dungeon.
             The game lasted 00:06:37 (1618 turns).

cedor the Slasher (Demonspawn Monk)                 Turns: 1618, Time: 00:06:37

Health: 0/35       AC:  2    Str: 12    XL:     4   Next: 13%
Magic:  0/4        EV: 13    Int: 17    God:    Kikubaaqudgha [**....]
Gold:   77         SH:  0    Dex: 15    Spells: 1 memorised, 2 levels left

rFire  . . .     SeeInvis .     a - +3 long sword
rCold  . . .     Gourm    .     b - +0 robe
rNeg   + . .     Faith    +     (no shield)
rPois  .         Spirit   .     (no helmet)
rElec  .         Reflect  .     (no cloak)
rCorr  .         Harm     .     (no gloves)
MR     .....                    (no boots)
Stlth  ++........               g - amulet of faith {!P}
                                k - ring of positive energy
                                (no ring)

@: brilliant, lethally poisoned (0 -> -4)
A: rot immunity
a: Receive Corpses, Renounce Religion


You were on level 3 of the Dungeon.
You worshipped Kikubaaqudgha.
Kikubaaqudgha was pleased with you.
You were not hungry.

You visited 1 branch of the dungeon, and saw 3 of its levels.

You collected 77 gold pieces.


Innate Abilities, Weirdness & Mutations

You are immune to rotting.


   Skills:
 - Level 3.0 Fighting
 * Level 4.3 Long Blades
 - Level 2.6 Dodging
 - Level 1.7 Stealth
 + Level 0.3 Spellcasting
 + Level 0.9 Necromancy


You had 2 spell levels left.
You knew the following spells:

 Your Spells              Type           Power        Failure   Level  Hunger
z - Pain                  Necr           ##..         2%          1    ##.....

Inventory:

Hand Weapons
 a - a +3 long sword (weapon)
 i - a +1 vampiric dagger
Missiles
 d - 14 sling bullets
 n - 41 stones (quivered)
Armour
 b - a +0 robe (worn)
Jewellery
 g - an amulet of faith (around neck) {!P}
 k - a ring of positive energy (right hand)
Wands
 o - a wand of digging (15/24)
 q - a wand of iceblast (8/15)
Scrolls
 e - a scroll of magic mapping {unknown}
 f - 3 scrolls of immolation {unknown}
 l - 3 scrolls of identify {unknown}
 p - 3 scrolls of remove curse {unknown}
 r - a scroll of fog {unknown}
Books
 m - Kikubaaqudgha's Almanac of Stolen Souls

   Spells                             Type                      Level
   a - Pain                           Necromancy                   1
   b - Corpse Rot                     Necromancy                   2
   c - Sublimation of Blood           Necromancy                   2
   d - Vampiric Draining              Necromancy                   3
   e - Control Undead                 Necromancy                   4
Comestibles
 c - a bread ration
 h - 6 chunks of flesh

Dungeon Overview and Level Annotations

Branches:
Dungeon (3/15)

Altars:
Kikubaaqudgha
The Shining One

▒▒▒▒▒▒..▒.▒▒ ▒.
▒..........▒ ▒▒ ▒.
▒..........▒ .. ▒.
▒...†......▒ ▒ ▒.▒▒▒▒
▒..........▒ ....
+...†...!.!▒
▒▒▒▒▒▒▒▒.▒▒▒▒▒.▒rr.[......▒
.......).......▒S▒▒▒▒▒▒▒▒▒▒
▒▒▒▒▒▒▒▒..▒▒▒▒.▒6▒
▒.......▒.▒ ▒...▒▒..▒.▒
▒....▒..▒.▒ ▒▒▒▒▒▒..▒..▒.▒
...........▒.▒
▒▒▒▒▒▒▒.▒▒.▒.▒ ▒....▒.▒
▒▒.▒.▒.▒


You could see an adder, a river rat and a rat.


Message History

Confirm with . or Enter, or press ? or * to list all spells.
Aiming: Pain
Press: ? - help, Shift-Dir - straight line, f/p - adder
Aim: an adder (moderately wounded, chance to defeat MR: 77%)
The adder writhes in agony!
* * * LOW HITPOINT WARNING * * *
You feel sick. The adder barely misses you.
Casting: Pain
Confirm with . or Enter, or press ? or * to list all spells.
You don't have enough magic to cast that spell.
You miss the adder.
The adder is heavily wounded.
The adder closely misses you. The adder bites you.
* * * LOW HITPOINT WARNING * * *
Unknown command.
You barely miss the adder.
The adder is heavily wounded.
* * * LOW HITPOINT WARNING * * *
You feel sick. The adder barely misses you.
You riposte.
You hit the adder but do no damage.
The adder is heavily wounded.
Unknown command.
Casting: Pain
Confirm with . or Enter, or press ? or * to list all spells.
Aiming: Pain
Press: ? - help, Shift-Dir - straight line, f/p - adder
Aim: an adder (heavily wounded, chance to defeat MR: 77%)
The adder barely resists.
The adder bites you.
You die...
Kikubaaqudgha rasps: "You have failed me!
Welcome... death!"

Action                   |  1- 3 |  4- 6 || total
-------------------------+-------+-------++-------
Melee: Falchion          |    63 |       ||    63
       Long sword        |    31 |    23 ||    54
 Cast: Pain              |     4 |     6 ||    10
Invok: Receive Corpses   |     1 |       ||     1
  Use: Potion            |     2 |     1 ||     3
 Stab: Sleeping          |     5 |       ||     5
  Eat: Chunk             |     2 |     1 ||     3
Armor: Robe              |    21 |     3 ||    24
Dodge: Dodged            |    76 |    23 ||    99
       Rpst.: Falchion   |    16 |       ||    16
       Long sword        |     9 |     4 ||    13

Vault maps used:
D:1:      dpeg_arrival_fog
D:2:      tso_oasis_becter, kiku_gazebo_pond_becter
D:3:      portal_sewer_entry_a, serial_park_tiny_pond

Notes
Turn   | Place    | Note
-------+----------+-------------------------------------------
     0 | D:1      | cedor the Demonspawn Monk began the quest for the Orb.
     0 | D:1      | Reached XP level 1. HP: 18/18 MP: 1/1
    95 | D:1      | Reached skill level 3 in Long Blades
   383 | D:1      | Gained mutation: You are immune to rotting. [demonic ancestry]
   383 | D:1      | Reached XP level 2. HP: 22/24 MP: 2/2
   707 | D:2      | Found an ancient bone altar of Kikubaaqudgha.
   717 | D:2      | Reached XP level 3. HP: 27/29 MP: 3/3
   724 | D:2      | Became a worshipper of Kikubaaqudgha
   724 | D:2      | Reached * piety under Kikubaaqudgha
   724 | D:2      | Identified Kikubaaqudgha's Almanac of Stolen Souls (Kikubaaqudgha gifted it to you on level 2 of the Dungeon)
   724 | D:2      | Received a gift from Kikubaaqudgha
   724 | D:2      | Reached ** piety under Kikubaaqudgha
   727 | D:2      | Learned a level 1 spell: Pain
   896 | D:2      | Found a glowing golden altar of the Shining One.
  1050 | D:2      | Reached skill level 4 in Long Blades
  1477 | D:3      | Reached XP level 4. HP: 20/35 MP: 4/4
  1615 | D:3      | HP: 3/35 [poisoned by an adder]
  1617 | D:3      | HP: 1/35 [poisoned by an adder]
  1618 | D:3      | Slain by an adder

Vanquished Creatures
  3 adders
  A worm (D:2)
  A leopard gecko (D:1)
  5 bats
  4 giant cockroaches
  6 hobgoblins
  2 quokkas (D:3)
  4 ball pythons
  4 frilled lizards
  5 goblins
  4 kobolds
  6 rats
45 creatures vanquished.
